[ PARTIDA AOE2 · #495333913 ]
UnrankedBritanos vs Khitans
Equipo del jugador · VICT
Equipo rival · DERR
[ ANÁLISIS DE REPETICIÓN · EXTRAÍDO DE LA PARTIDA GRABADA ]
Feudal
10:24
Castillos
22:58
Imperial
35:42
| APM promedio | 84.0 |
| APM pico | 183 |
| eAPM promedio | 23.6 |
| Aldeanos / militares | 93 / 101 |
Foco
⚔️ 26.4% · 🌾 73.6%
Archer ×92 · Mangonel ×5 · Spearman ×3 · Skirmisher ×1
Feudal
9:56
Castillos
21:42
Imperial
40:26
| APM promedio | 53.6 |
| APM pico | 94 |
| eAPM promedio | 22.4 |
| Aldeanos / militares | 91 / 109 |
Foco
⚔️ 33.9% · 🌾 66.1%
Skirmisher ×81 · Iron Pagoda ×14 · Scout Cavalry ×11 · Battering Ram ×3
Mapa de la partida
Recursos iniciales + cada clic de construcción. Líneas = muros · curvas = relieve. ◆ oro · ⬟ piedra · ● bayas · ✦ reliquia · ◌ hueco del cierre
Tu base· ✓ Cerrada en 22:58 · 10t muro · 2 puerta(s)
Base de Baser· ✓ Cerrada en 21:42 · 0t muro · sin puerta
Terreno inicial suavizado · ◌ = hueco del cierre detectado · pasá el cursor para detalles
Inputs por minuto
— Eye - - Baser
Build order — Eye
Primeras 150 de 322 acciones detectadas
| 0:00 | Crear | Villager (Male) |
| 0:00 | Crear | Villager (Male) |
| 0:01 | Crear | Villager (Male) |
| 0:01 | Crear | Villager (Male) |
| 0:02 | Construir | House |
| 0:08 | Investigar | Loom |
| 0:10 | Construir | House |
| 0:32 | Crear | Villager (Male) |
| 0:32 | Crear | Villager (Male) |
| 0:33 | Crear | Villager (Male) |
| 0:33 | Crear | Villager (Male) |
| 0:33 | Crear | Villager (Male) |
| 1:29 | Crear | Villager (Male) |
| 1:29 | Crear | Villager (Male) |
| 1:54 | Construir | Lumber Camp |
| 2:09 | Crear | Villager (Male) |
| 2:23 | Crear | Villager (Male) |
| 2:23 | Crear | Villager (Male) |
| 3:24 | Crear | Villager (Male) |
| 3:40 | Construir | House |
| 3:41 | Construir | House |
| 3:45 | Crear | Villager (Male) |
| 3:45 | Crear | Villager (Male) |
| 3:45 | Crear | Villager (Male) |
| 4:33 | Crear | Villager (Male) |
| 4:54 | Crear | Villager (Male) |
| 4:54 | Crear | Villager (Male) |
| 5:22 | Crear | Villager (Male) |
| 5:46 | Crear | Villager (Male) |
| 6:02 | Construir | House |
| 6:05 | Construir | Palisade Wall |
| 6:08 | Crear | Villager (Male) |
| 7:16 | Crear | Villager (Male) |
| 7:17 | Crear | Villager (Male) |
| 7:21 | Construir | Mill |
| 7:27 | Construir | Mill |
| 7:38 | Construir | Barracks |
| 8:11 | Crear | Villager (Male) |
| 8:14 | Investigar | Feudal Age |
| 8:31 | Construir | Mining Camp |
| 8:36 | Construir | House |
| 8:38 | Construir | House |
| 8:43 | Construir | House |
| 9:00 | Construir | House |
| 9:45 | Construir | House |
| 9:49 | Crear | Villager (Male) |
| 9:56 | Crear | Villager (Male) |
| 10:14 | Construir | House |
| 10:22 | Construir | Palisade Wall |
| 10:24 | Edad | Edad Feudal |
| 10:29 | Construir | Archery Range |
| 10:32 | Construir | Palisade Wall |
| 10:40 | Construir | Palisade Wall |
| 10:44 | Construir | Palisade Wall |
| 10:49 | Crear | Villager (Male) |
| 10:57 | Crear | Spearman |
| 11:07 | Construir | House |
| 11:14 | Crear | Villager (Male) |
| 11:18 | Investigar | Double-Bit Axe |
| 11:18 | Investigar | Double-Bit Axe |
| 11:38 | Crear | Skirmisher |
| 11:38 | Crear | Archer |
| 11:45 | Construir | House |
| 11:50 | Crear | Villager (Male) |
| 11:50 | Crear | Archer |
| 11:56 | Construir | House |
| 11:57 | Construir | House |
| 12:04 | Crear | Spearman |
| 12:17 | Crear | Archer |
| 12:22 | Construir | Palisade Gate |
| 12:45 | Crear | Villager (Male) |
| 12:45 | Crear | Villager (Male) |
| 12:45 | Crear | Villager (Male) |
| 12:54 | Construir | House |
| 13:05 | Crear | Archer |
| 13:09 | Construir | Blacksmith |
| 13:16 | Construir | Farm |
| 13:21 | Construir | Farm |
| 13:33 | Crear | Archer |
| 13:33 | Crear | Villager (Male) |
| 13:39 | Crear | Spearman |
| 13:44 | Construir | Farm |
| 13:58 | Construir | Palisade Gate |
| 14:02 | Construir | House |
| 14:04 | Crear | Villager (Male) |
| 14:14 | Crear | Villager (Male) |
| 14:14 | Crear | Archer |
| 14:18 | Construir | Farm |
| 14:21 | Construir | Farm |
| 14:33 | Crear | Archer |
| 14:33 | Crear | Villager (Male) |
| 14:36 | Construir | Farm |
| 14:46 | Construir | Farm |
| 14:59 | Construir | Farm |
| 15:16 | Construir | Watch Tower |
| 15:25 | Crear | Archer |
| 15:26 | Crear | Villager (Male) |
| 15:35 | Investigar | Fletching |
| 15:35 | Investigar | Fletching |
| 15:41 | Crear | Archer |
| 15:44 | Construir | Farm |
| 15:51 | Construir | House |
| 15:55 | Construir | Farm |
| 15:57 | Crear | Villager (Male) |
| 15:58 | Crear | Villager (Male) |
| 16:26 | Construir | House |
| 16:34 | Construir | Lumber Camp |
| 16:40 | Crear | Archer |
| 16:41 | Crear | Villager (Male) |
| 16:41 | Crear | Villager (Male) |
| 16:59 | Construir | Farm |
| 17:18 | Crear | Archer |
| 17:24 | Construir | Farm |
| 17:34 | Crear | Villager (Male) |
| 17:48 | Construir | Market |
| 17:56 | Crear | Archer |
| 18:00 | Crear | Villager (Male) |
| 18:06 | Construir | Farm |
| 18:16 | Crear | Archer |
| 18:17 | Crear | Villager (Male) |
| 18:40 | Construir | House |
| 18:43 | Crear | Villager (Male) |
| 18:44 | Crear | Archer |
| 19:23 | Crear | Villager (Male) |
| 19:32 | Crear | Archer |
| 19:33 | Crear | Villager (Male) |
| 19:56 | Construir | House |
| 20:01 | Construir | Farm |
| 20:09 | Construir | Farm |
| 20:15 | Construir | Archery Range |
| 20:18 | Investigar | Castle Age |
| 20:39 | Crear | Archer |
| 20:49 | Crear | Archer |
| 21:05 | Investigar | Gold Mining |
| 21:06 | Investigar | Horse Collar |
| 21:18 | Crear | Archer |
| 21:27 | Construir | Archery Range |
| 21:36 | Crear | Villager (Male) |
| 21:37 | Crear | Archer |
| 22:10 | Crear | Archer |
| 22:24 | Crear | Archer |
| 22:51 | Crear | Archer |
| 22:58 | Edad | Edad de los Castillos |
| 23:01 | Investigar | Crossbowman (upgrade) |
| 23:01 | Investigar | Crossbowman (upgrade) |
| 23:02 | Investigar | Bodkin Arrow |
| 23:02 | Investigar | Bodkin Arrow |
| 23:04 | Construir | University |
| 23:10 | Crear | Archer |
| 23:50 | Investigar | Ballistics |
Build order — Baser
Primeras 150 de 247 acciones detectadas
| 0:00 | Crear | Villager (Male) |
| 0:00 | Crear | Villager (Male) |
| 0:04 | Construir | House |
| 0:05 | Construir | House |
| 0:08 | Investigar | Loom |
| 0:08 | Crear | Villager (Male) ×4 |
| 1:33 | Crear | Villager (Male) |
| 2:16 | Crear | Villager (Male) |
| 2:16 | Crear | Villager (Male) |
| 2:29 | Crear | Villager (Male) |
| 2:44 | Construir | Lumber Camp |
| 3:05 | Crear | Villager (Male) |
| 3:19 | Crear | Villager (Male) |
| 3:52 | Crear | Villager (Male) |
| 3:52 | Crear | Villager (Male) |
| 4:01 | Construir | House |
| 4:38 | Crear | Villager (Male) |
| 5:00 | Construir | House |
| 5:04 | Crear | Villager (Male) |
| 5:18 | Crear | Villager (Male) |
| 5:18 | Crear | Villager (Male) |
| 5:37 | Crear | Villager (Male) |
| 6:53 | Crear | Villager (Male) |
| 7:01 | Construir | Barracks |
| 7:21 | Crear | Villager (Male) |
| 7:39 | Investigar | Feudal Age |
| 8:21 | Construir | Mill |
| 9:10 | Crear | Villager (Male) |
| 9:43 | Crear | Villager (Male) |
| 9:52 | Construir | House |
| 9:56 | Edad | Edad Feudal |
| 10:12 | Crear | Villager (Male) |
| 10:18 | Construir | Stable |
| 10:20 | Investigar | Double-Bit Axe |
| 10:24 | Crear | Villager (Male) |
| 10:50 | Crear | Villager (Male) |
| 10:52 | Crear | Villager (Male) |
| 10:56 | Construir | Archery Range |
| 10:58 | Crear | Scout Cavalry |
| 10:59 | Crear | Scout Cavalry |
| 11:00 | Crear | Scout Cavalry |
| 11:17 | Crear | Villager (Male) |
| 11:32 | Crear | Skirmisher |
| 11:32 | Crear | Skirmisher |
| 11:38 | Crear | Villager (Male) |
| 11:49 | Construir | House |
| 11:57 | Construir | Blacksmith |
| 12:15 | Crear | Villager (Male) |
| 12:22 | Construir | Pasture |
| 12:32 | Investigar | Fletching |
| 12:35 | Crear | Skirmisher |
| 12:36 | Crear | Skirmisher |
| 12:50 | Construir | Pasture |
| 13:05 | Crear | Villager (Male) |
| 13:08 | Construir | House |
| 13:12 | Construir | Pasture |
| 13:36 | Crear | Villager (Male) |
| 13:41 | Construir | Pasture |
| 13:42 | Crear | Skirmisher |
| 13:43 | Crear | Skirmisher |
| 13:43 | Crear | Skirmisher |
| 13:54 | Crear | Villager (Male) |
| 14:13 | Crear | Skirmisher |
| 14:13 | Crear | Skirmisher |
| 14:17 | Construir | Pasture |
| 14:37 | Crear | Villager (Male) |
| 14:44 | Crear | Villager (Male) |
| 15:01 | Crear | Skirmisher |
| 15:07 | Construir | House |
| 15:14 | Construir | House |
| 15:24 | Crear | Skirmisher |
| 15:24 | Crear | Skirmisher |
| 15:30 | Construir | Pasture |
| 15:41 | Investigar | Padded Archer Armor |
| 15:43 | Crear | Skirmisher |
| 15:44 | Crear | Skirmisher |
| 16:12 | Crear | Villager (Male) |
| 16:14 | Construir | Pasture |
| 16:18 | Construir | Pasture |
| 16:47 | Construir | Mining Camp |
| 17:18 | Crear | Villager (Male) |
| 17:18 | Crear | Villager (Male) |
| 17:21 | Construir | Pasture |
| 18:02 | Construir | Market |
| 18:28 | Crear | Villager (Male) |
| 19:02 | Investigar | Castle Age |
| 19:25 | Construir | Archery Range |
| 19:42 | Crear | Skirmisher |
| 19:43 | Crear | Skirmisher |
| 19:43 | Crear | Skirmisher |
| 19:43 | Crear | Skirmisher |
| 20:22 | Crear | Skirmisher ×5 |
| 20:28 | Construir | House |
| 20:45 | Construir | House |
| 20:45 | Construir | House |
| 20:50 | Crear | Skirmisher |
| 21:28 | Crear | Skirmisher |
| 21:29 | Crear | Skirmisher |
| 21:42 | Edad | Edad de los Castillos |
| 21:52 | Construir | Siege Workshop |
| 21:55 | Crear | Villager (Male) |
| 21:56 | Crear | Villager (Male) |
| 22:11 | Investigar | Elite Skirmisher (upgrade) |
| 22:13 | Investigar | Bodkin Arrow |
| 22:14 | Crear | Villager (Male) |
| 22:14 | Crear | Villager (Male) |
| 22:20 | Crear | Villager (Male) |
| 22:45 | Crear | Iron Pagoda |
| 22:51 | Crear | Villager (Male) |
| 22:51 | Crear | Villager (Male) |
| 22:57 | Construir | Lumber Camp |
| 23:13 | Crear | Skirmisher |
| 23:21 | Investigar | Leather Archer Armor |
| 23:29 | Crear | Villager (Male) |
| 24:36 | Crear | Iron Pagoda |
| 24:38 | Crear | Villager (Male) |
| 24:46 | Construir | Town Center |
| 24:53 | Crear | Villager (Male) |
| 24:55 | Crear | Iron Pagoda |
| 24:58 | Crear | Villager (Male) |
| 25:01 | Crear | Skirmisher ×4 |
| 25:01 | Crear | Skirmisher ×4 |
| 25:17 | Crear | Skirmisher ×3 |
| 25:21 | Crear | Villager (Male) |
| 25:21 | Crear | Villager (Male) |
| 25:27 | Crear | Skirmisher ×2 |
| 26:05 | Crear | Villager (Male) |
| 26:05 | Crear | Villager (Male) |
| 26:21 | Construir | Town Center |
| 26:25 | Investigar | Bow Saw |
| 26:26 | Crear | Villager (Male) |
| 26:27 | Crear | Villager (Male) |
| 26:27 | Crear | Villager (Male) |
| 26:42 | Crear | Skirmisher ×3 |
| 27:15 | Crear | Skirmisher ×4 |
| 27:15 | Crear | Skirmisher ×4 |
| 27:17 | Crear | Villager (Male) |
| 27:17 | Crear | Villager (Male) |
| 28:15 | Crear | Villager (Male) |
| 28:16 | Crear | Villager (Male) |
| 28:17 | Crear | Villager (Male) |
| 28:18 | Construir | House |
| 28:18 | Construir | House |
| 28:18 | Construir | House |
| 28:18 | Construir | House |
| 28:40 | Crear | Villager (Male) |
| 28:40 | Crear | Villager (Male) |
| 28:47 | Construir | Town Center |
| 28:49 | Investigar | Wheelbarrow |
| 29:08 | Crear | Villager (Male) |
Cronología de la partida
| 6:05 | Eye · wall_segment Palisade Wall x6 |
| 7:01 | Baser · first_building Barracks |
| 7:38 | Eye · first_building Barracks |
| 9:56 | Baser · age_up feudal |
| 10:18 | Baser · first_building Stable |
| 10:22 | Eye · wall_segment Palisade Wall x1 |
| 10:24 | Eye · age_up feudal |
| 10:29 | Eye · first_building Archery Range |
| 10:32 | Eye · wall_segment Palisade Wall x1 |
| 10:40 | Eye · wall_segment Palisade Wall x1 |
| 10:44 | Eye · wall_segment Palisade Wall x1 |
| 10:56 | Baser · first_building Archery Range |
| 19:01 | Baser · first_market_sell 100 food |
| 19:17 | Eye · first_market_sell 100 wood |
| 19:19 | Eye · first_market_buy 100 food |
| 21:42 | Baser · age_up castle |
| 21:47 | Baser · first_market_buy 100 wood |
| 21:52 | Baser · first_building Siege Workshop |
| 22:58 | Eye · age_up castle |
| 25:26 | Eye · first_building Siege Workshop |
| 32:05 | Eye · first_building Monastery |
| 35:42 | Eye · age_up imperial |
| 37:12 | Baser · first_building Monastery |
| 40:26 | Baser · age_up imperial |
| 41:29 | Baser · first_building Castle |
| 42:08 | Baser · resign |
[ ANÁLISIS IA · 1 CRÉDITO ]
¿Qué pasó realmente en esta partida?
Wolo.gg analiza cada decisión: build order, eco, micro, errores típicos por bracket. Análisis personalizado por WhatsApp o Discord en 30 segundos.
Guía civ
Britanos
Perfil
Eye